 Dungeon Crawl Stone Soup version 0.30.1-6-gbe392663c4 (webtiles) character file.

Game seed: 12185770196350921212

2 TheriaGryphon the Conjurer (level 1, -7/12 HPs)
             Began as a Tengu Reaver on Sept 21, 2023.
             Mangled by Terence
             ... wielding a +0 flail
              (8 damage)
             ... on level 2 of the Dungeon.
             The game lasted 00:08:14 (250 turns).

TheriaGryphon the Conjurer (Tengu Reaver)            Turns: 250, Time: 00:08:15

Health: -7/12      AC:  5    Str: 12    XL:     1   Next: 30%
Magic:  4/4        EV: 10    Int: 13    God:
Gold:   0          SH:  0    Dex: 12    Spells: 3/4 levels left

rFire   . . .        a - +0 spear
rCold   . . .        (no shield)
rNeg    . . .        d - +0 ring mail
rPois   .            (helmet restricted)
rElec   .            (no cloak)
rCorr   .            (no gloves)
SInv    .            (boots unavailable)
Will    .....        (no amulet)
Stlth   +            (no ring)
HPRegen 0.22/turn    (no ring)
MPRegen 0.09/turn

%: no passive effects
@: no status effects
A: beak, talons 3
a: no special abilities


You were on level 2 of the Dungeon.
You visited 1 branch of the dungeon, and saw 2 of its levels.

Inventory:

Hand Weapons
 a - a +0 spear (weapon)
Armour
 b - a +0 leather armour
 d - a +0 ring mail (worn)


   Skills:
 + Level 2.0 Fighting
 + Level 3.4 Polearms
 + Level 2.1 Dodging
 + Level 2.0 Spellcasting
 + Level 4.0 Conjurations


You had 3 spell levels left.
You knew the following spells:

 Your Spells              Type           Power      Damage    Failure   Level
a - Kiss of Death         Conj/Necr      24%        2d7       26%         1

Your spell library contained the following spells:

 Spells                   Type           Power      Damage    Failure   Level
 Momentum Strike          Conj/Tloc      12%        3d8       36%         2
 Hailstorm                Conj/Ice       6%         3d4       58%         3


Dungeon Overview and Level Annotations

Branches:
Dungeon (2/15)

Altars:

Annotations:
D:2 Terence


Innate Abilities, Weirdness & Mutations

You have a beak for a mouth.
You have claws for feet.


Message History

You see here a rat corpse.
There are no objects that can be picked up here. a rat corpse
There are no objects that can be picked up here. a rat corpse
Okay, then.
Sorry, you're not good enough to have a special ability.
c - a scroll labelled GUOMMAELACUY You drop a scroll labelled GUOMMAELACUY.
You see here a scroll labelled GUOMMAELACUY.
Okay, then.
Unknown command.
You see here a scroll labelled GUOMMAELACUY.
You see here a rat corpse.
Sorry, you're not good enough to have a special ability.
Sorry, you're not good enough to have a special ability.
Found a stone staircase leading down.
Found 10 gold pieces.
Found a fizzy black potion.
c - a fizzy black potion
Okay, then.
You drop a fizzy black potion.
Okay, then.
Autopickup is now off.
Sorry, you're not good enough to have a special ability.
Autopickup is now on.
You see here a fizzy black potion.
You see here a fizzy black potion.
Terence the Incautious comes into view.
He is wielding a +0 flail.
Terence shouts!
You see here 10 gold pieces.
Terence closely misses you. Terence attacks as you move away!
Terence barely misses you.
You closely miss Terence. Your kick misses Terence.
Terence hits you with a +0 flail!
Ouch! That really hurt!
* * * LOW HITPOINT WARNING * * *
Terence attacks as you move away! Terence hits you with a +0 flail!
Ouch! That really hurt!
You die...

.# .# .# ###.##............. .
...##............#
#..######..##............#
#.......$.##............#
#.......@...............#
#...####@.##............#
#.#......................
..####.####.##.########.#####
#...........................##
#####.!.............##.##..#.
#......>.................
#......................#.
#######.#######.......... #.#
#........#.


You could see Terence.

Vanquished Creatures
  A ball python (D:2)
  A rat (D:2)
2 creatures vanquished.

Notes
Turn   | Place    | Note
-------+----------+-------------------------------------------
     0 | D:1      | TheriaGryphon the Tengu Reaver began the quest for the Orb.
     0 | D:1      | Reached XP level 1. HP: 12/12 MP: 4/4
   244 | D:2      | Noticed Terence
   250 | D:2      | Mangled by Terence

Illustrated notes

Levels and vault maps discovered:
D:1:      lemuel_arrival_river_ford, layout_rooms
D:2:      layout_basic, serial_shops, shop, uniq_robin, uniq_terence

Action                     || total
---------------------------++-------
  Melee: Spear             ||     4
    Use: Scroll            ||     1
 Armour: Ring mail         ||     1
  Dodge: Dodged            ||     5
